| TOP OF THE 1ST |
|
Albuquerque Isotopes batting - Pitching for New Orleans Zephyrs : RHP Tim Barnett
|
|
Pitching: RHP Tim Barnett
|
|
|
Batting: LHB Pablo Cardona
|
0-0: Ball 1-0: Ball 2-0: Ball 3-0: Called Strike 3-1: Base on Balls
|
|
Batting: RHB Ron Johansen
|
0-0: Called Strike 0-1: Ball 1-1: Swinging Strike 1-2: Strikes out swinging
|
|
Batting: RHB Mike Thornton
|
0-0: Called Strike 0-1: Ball 1-1: Foul Ball, location: 2F 1-2: DOUBLE (Flyball, 89XD, EV 109.4 MPH) Pablo Cardona to third
|
|
Batting: RHB Joe LaDue
|
0-0: Called Strike 0-1: Foul Ball, location: 2F 0-2: Strikes out looking
|
|
Batting: LHB Katsunan Akimoto
|
0-0: Fly out, F8 (Flyball, 8LM, EV 87.5 MPH)
|
| Top of the 1st over - 0 runs, 1 hit, 0 errors, 2 left on base; Albuquerque 0 - New Orleans 0 |
| BOTTOM OF THE 1ST |
|
New Orleans Zephyrs batting - Pitching for Albuquerque Isotopes : RHP Cody Autry
|
|
Pitching: RHP Cody Autry
|
|
|
Batting: LHB Jose Bregaro
|
0-0: Ball 1-0: Called Strike 1-1: Ground out 5-3 (Groundball, 56, EV 106.9 MPH)
|
|
Batting: RHB Boof Howell
|
0-0: Ball 1-0: Ground out U3 (Groundball, 23, EV 85.0 MPH)
|
|
Batting: RHB Dale Young
|
0-0: Swinging Strike 0-1: Ball 1-1: Ball 2-1: Swinging Strike 2-2: Ball 3-2: Strikes out swinging
|
| Bottom of the 1st over - 0 runs, 0 hits, 0 errors, 0 left on base; Albuquerque 0 - New Orleans 0 |
| TOP OF THE 2ND |
|
Albuquerque Isotopes batting - Pitching for New Orleans Zephyrs : RHP Tim Barnett
|
|
Batting: RHB Logan Morgan
|
0-0: Ball 1-0: Swinging Strike 1-1: Ball 2-1: Ball 3-1: Base on Balls
|
|
Batting: RHB John Freeman
|
0-0: SINGLE (Groundball, 56D, EV 107.5 MPH) Logan Morgan to second
|
|
Batting: RHB Vinny Estrada
|
0-0: Ball 1-0: Ball 2-0: Called Strike 2-1: SINGLE (Groundball, 6D, EV 101.2 MPH) Logan Morgan to third John Freeman to second Runner from 3rd tries for Home, SAFE, throw by LF to home
|
|
Batting: RHB Brian Landrum
|
0-0: Ball 1-0: Called Strike 1-1: Ball John Freeman steals 3rd base Vinny Estrada to second 2-1: Foul Ball, location: 2F 2-2: Fly out, F7 (Line Drive, 78M, EV 90.0 MPH) Runner from 3rd tags up, SCORES, no throw by LF
|
|
Batting: LHB Pablo Cardona
|
0-0: DOUBLE (Line Drive, 5D, EV 97.5 MPH) Vinny Estrada scores
|
|
Batting: RHB Ron Johansen
|
0-0: Ball 1-0: Called Strike 1-1: Ball 2-1: Ball 3-1: Called Strike 3-2: Foul Ball, location: 2F 3-2: Foul Ball, location: 2F 3-2: Base on Balls
|
|
Batting: RHB Mike Thornton
|
0-0: Called Strike 0-1: Ball 1-1: Ball 2-1: Swinging Strike 2-2: Strikes out swinging
|
|
Batting: RHB Joe LaDue
|
0-0: Called Strike 0-1: Ball 1-1: Ball 2-1: Foul Ball, location: 2F 2-2: Ball 3-2: Foul Ball, location: 2F 3-2: Foul Ball, location: 2F 3-2: SINGLE (Flyball, 56D, EV 91.2 MPH) Pablo Cardona to third Ron Johansen to second Pablo Cardona scores Ron Johansen to third
|
|
Batting: LHB Katsunan Akimoto
|
0-0: Called Strike 0-1: Ball 1-1: Ground out U3 (Groundball, 3L, EV 98.1 MPH)
|
| Top of the 2nd over - 4 runs, 4 hits, 0 errors, 2 left on base; Albuquerque 4 - New Orleans 0 |
| BOTTOM OF THE 2ND |
|
New Orleans Zephyrs batting - Pitching for Albuquerque Isotopes : RHP Cody Autry
|
|
Batting: RHB Akira Suzuki
|
0-0: Ball 1-0: Ball 2-0: SINGLE (Groundball, 6M, EV 102.5 MPH) (infield hit)
|
|
Batting: LHB Carlos Mosqueda
|
0-0: Called Strike 0-1: Ball 1-1: Ball 2-1: Foul Ball, location: 2F 2-2: Foul Ball, location: 2F 2-2: Ball 3-2: Base on Balls Akira Suzuki to second
|
|
Batting: LHB David Doge
|
0-0: Foul Ball, location: 2F 0-1: Ball 1-1: Ball 2-1: Ball 3-1: Foul Ball, location: 2F 3-2: Base on Balls Akira Suzuki to third Carlos Mosqueda to second
|
|
Batting: SHB Dan Zink
|
0-0: Foul Ball, location: 2F 0-1: Fly out, F7 (Flyball, 78S, EV 84.4 MPH)
|
|
Batting: RHB Gavin Helton
|
0-0: Ball 1-0: Ball 2-0: Swinging Strike 2-1: Foul Ball, location: 2F 2-2: Strikes out swinging
|
|
Batting: RHB Jim Fisher
|
0-0: Fly out, F1 (Line Drive, P, EV 68.8 MPH)
|
| Bottom of the 2nd over - 0 runs, 1 hit, 0 errors, 3 left on base; Albuquerque 4 - New Orleans 0 |
| TOP OF THE 3RD |
|
Albuquerque Isotopes batting - Pitching for New Orleans Zephyrs : RHP Tim Barnett
|
|
Batting: RHB Logan Morgan
|
0-0: Swinging Strike 0-1: Ball 1-1: Foul Ball, location: 2F 1-2: Strikes out swinging
|
|
Batting: RHB John Freeman
|
0-0: Called Strike 0-1: Foul Ball, location: 2F 0-2: Ball 1-2: Ground out 5-3 (Groundball, 5, EV 78.8 MPH)
|
|
Batting: RHB Vinny Estrada
|
0-0: Foul Ball, location: 2F 0-1: Ground out 6-3 (Groundball, P, EV 77.5 MPH)
|
| Top of the 3rd over - 0 runs, 0 hits, 0 errors, 0 left on base; Albuquerque 4 - New Orleans 0 |
| BOTTOM OF THE 3RD |
|
New Orleans Zephyrs batting - Pitching for Albuquerque Isotopes : RHP Cody Autry
|
|
Batting: LHB Jose Bregaro
|
0-0: Fly out, F9 (Flyball, 9LM, EV 96.2 MPH)
|
|
Batting: RHB Boof Howell
|
0-0: Foul Ball, location: 2F 0-1: Ball 1-1: Ball 2-1: Foul Ball, location: 2F 2-2: Ball 3-2: Base on Balls
|
|
Batting: RHB Dale Young
|
0-0: Called Strike 0-1: Called Strike 0-2: Strikes out swinging
|
|
Batting: RHB Akira Suzuki
|
0-0: Ball 1-0: Fly out, F8 (Flyball, 8LM, EV 81.9 MPH)
|
| Bottom of the 3rd over - 0 runs, 0 hits, 0 errors, 1 left on base; Albuquerque 4 - New Orleans 0 |
| TOP OF THE 4TH |
|
Albuquerque Isotopes batting - Pitching for New Orleans Zephyrs : RHP Tim Barnett
|
|
Batting: RHB Brian Landrum
|
0-0: Ball 1-0: Foul Ball, location: 2F 1-1: Swinging Strike 1-2: Fly out, F8 (Line Drive, 89M, EV 99.4 MPH)
|
|
Batting: LHB Pablo Cardona
|
0-0: Called Strike 0-1: Ground out 4-3 (Groundball, 34D, EV 105.0 MPH)
|
|
Batting: RHB Ron Johansen
|
0-0: Swinging Strike 0-1: Ball 1-1: Foul Ball, location: 2F 1-2: Strikes out swinging
|
| Top of the 4th over - 0 runs, 0 hits, 0 errors, 0 left on base; Albuquerque 4 - New Orleans 0 |
| BOTTOM OF THE 4TH |
|
New Orleans Zephyrs batting - Pitching for Albuquerque Isotopes : RHP Cody Autry
|
|
Batting: LHB Carlos Mosqueda
|
0-0: Called Strike 0-1: Called Strike 0-2: Ground out 6-3 (Groundball, 6, EV 83.8 MPH)
|
|
Batting: LHB David Doge
|
0-0: Ball 1-0: Reached via error on a dropped throw from 3B, E3 (Groundball, 56S, EV 70.0 MPH)
|
|
Batting: SHB Dan Zink
|
0-0: Fly out, F4 (Line Drive, 4, EV 64.4 MPH)
|
|
Batting: RHB Gavin Helton
|
0-0: Called Strike 0-1: Ball 1-1: Ball 2-1: Called Strike David Doge steals 2nd base 2-2: Ball 3-2: SINGLE (Groundball, 56S, EV 70.0 MPH) (infield hit) David Doge to third
|
|
Batting: RHB Jim Fisher
|
0-0: Foul Ball, location: 2F 0-1: Ball 1-1: Ball 2-1: Ball 3-1: Fielders Choice at 2nd, 6-4 (Groundball, 6, EV 91.9 MPH)
|
| Bottom of the 4th over - 0 runs, 1 hit, 1 error, 2 left on base; Albuquerque 4 - New Orleans 0 |
| TOP OF THE 5TH |
|
Albuquerque Isotopes batting - Pitching for New Orleans Zephyrs : RHP Tim Barnett
|
|
Batting: RHB Mike Thornton
|
0-0: Ball 1-0: Ball 2-0: Called Strike 2-1: Foul Ball, location: 2F 2-2: Foul Ball, location: 2F 2-2: Ground out 4-3 (Groundball, 4, EV 109.4 MPH)
|
|
Batting: RHB Joe LaDue
|
0-0: Ball 1-0: Called Strike 1-1: Ball 2-1: Ground out 4-3 (Groundball, 4, EV 85.0 MPH)
|
|
Batting: LHB Katsunan Akimoto
|
0-0: Swinging Strike 0-1: Ball 1-1: Ball 2-1: SINGLE (Groundball, 6MD, EV 108.8 MPH)
|
|
Batting: RHB Logan Morgan
|
0-0: Ball 1-0: Foul Ball, location: 2F 1-1: Ball 2-1: Called Strike 2-2: Strikes out swinging
|
| Top of the 5th over - 0 runs, 1 hit, 0 errors, 1 left on base; Albuquerque 4 - New Orleans 0 |
| BOTTOM OF THE 5TH |
|
New Orleans Zephyrs batting - Pitching for Albuquerque Isotopes : RHP Cody Autry
|
|
Batting: LHB Jose Bregaro
|
0-0: Fly out, F8 (Flyball, 78S, EV 85.0 MPH)
|
|
Batting: RHB Boof Howell
|
0-0: Ball 1-0: Ball 2-0: Ball 3-0: Base on Balls
|
|
Batting: RHB Dale Young
|
0-0: Ball 1-0: Ball 2-0: Foul Ball, location: 2F 2-1: Foul Ball, location: 2F 2-2: Ball 3-2: Base on Balls Boof Howell to second
|
|
Batting: RHB Akira Suzuki
|
0-0: Foul Ball, location: 2F 0-1: Ball 1-1: Foul Ball, location: 2F 1-2: Strikes out swinging
|
|
Batting: LHB Carlos Mosqueda
|
0-0: SINGLE (Flyball, 6D, EV 96.9 MPH) Boof Howell to third Dale Young to second Runner from 3rd tries for Home, SAFE, throw by CF to home Dale Young to third Carlos Mosqueda to second
|
|
Batting: LHB David Doge
|
0-0: Ground out 5-3 (Groundball, 56, EV 86.9 MPH)
|
| Bottom of the 5th over - 1 run, 1 hit, 0 errors, 2 left on base; Albuquerque 4 - New Orleans 1 |
| TOP OF THE 6TH |
|
Albuquerque Isotopes batting - Pitching for New Orleans Zephyrs : RHP Tim Barnett
|
|
Pitching: RHP Giampaolo Nobile
|
|
|
Batting: RHB John Freeman
|
0-0: Called Strike 0-1: Ball 1-1: Ball 2-1: Ground out U3 (Groundball, 34S, EV 90.0 MPH)
|
|
Batting: RHB Vinny Estrada
|
0-0: Fly out, F8 (Flyball, 8LXD, EV 93.8 MPH)
|
|
Batting: RHB Brian Landrum
|
0-0: Ground out 6-3 (Groundball, 6S, EV 73.1 MPH)
|
| Top of the 6th over - 0 runs, 0 hits, 0 errors, 0 left on base; Albuquerque 4 - New Orleans 1 |
| BOTTOM OF THE 6TH |
|
New Orleans Zephyrs batting - Pitching for Albuquerque Isotopes : RHP Cody Autry
|
|
Batting: SHB Dan Zink
|
0-0: Fly out, F7 (Line Drive, 7, EV 89.4 MPH)
|
|
Batting: RHB Gavin Helton
|
0-0: Called Strike 0-1: Called Strike 0-2: Ball 1-2: Strikes out swinging
|
|
Batting: RHB Jim Fisher
|
0-0: Called Strike 0-1: Ball 1-1: Ball 2-1: Foul Ball, location: 2F 2-2: Ball 3-2: Strikes out swinging
|
| Bottom of the 6th over - 0 runs, 0 hits, 0 errors, 0 left on base; Albuquerque 4 - New Orleans 1 |
| TOP OF THE 7TH |
|
Albuquerque Isotopes batting - Pitching for New Orleans Zephyrs : RHP Giampaolo Nobile
|
|
Batting: LHB Pablo Cardona
|
0-0: Ball 1-0: Swinging Strike 1-1: Ball 2-1: Ground out 5-3 (Groundball, 56S, EV 91.2 MPH)
|
|
Batting: RHB Ron Johansen
|
0-0: Ball 1-0: Called Strike 1-1: Fly out, F8 (Flyball, 8LM, EV 85.0 MPH)
|
|
Batting: RHB Mike Thornton
|
0-0: Ball 1-0: Ball 2-0: Ball 3-0: Base on Balls
|
|
Batting: RHB Joe LaDue
|
0-0: SINGLE (Groundball, 34D, EV 103.1 MPH) Mike Thornton to second Runner from 2nd tries for 3rd, SAFE, throw by RF made to third Joe LaDue to second
|
|
Batting: LHB Katsunan Akimoto
|
0-0: Ball 1-0: Called Strike 1-1: Called Strike 1-2: Strikes out swinging
|
| Top of the 7th over - 0 runs, 1 hit, 0 errors, 2 left on base; Albuquerque 4 - New Orleans 1 |
| BOTTOM OF THE 7TH |
|
New Orleans Zephyrs batting - Pitching for Albuquerque Isotopes : RHP Cody Autry
|
|
Now at 1B: Ron Johansen
|
|
|
Now at 3B: Bobby Heagle
|
|
|
Now in LF: Alan Bianchard
|
|
|
Batting: LHB Jose Bregaro
|
0-0: Called Strike 0-1: Ball 1-1: Ball 2-1: SINGLE (Line Drive, 9S, EV 104.4 MPH)
|
|
Batting: RHB Boof Howell
|
0-0: Bunted foul 0-1: Ball 1-1: Ball Jose Bregaro steals 2nd base 2-1: Bunt missed! 2-2: Fly out, F8 (Line Drive, 8RD, EV 86.9 MPH)
|
|
Batting: RHB Dale Young
|
0-0: 2-RUN HOME RUN (Flyball, 78XD, EV 100.0 MPH), Distance : 421 ft
|
|
Batting: RHB Akira Suzuki
|
0-0: Called Strike 0-1: Ball 1-1: Foul Ball, location: 2F 1-2: Ball 2-2: Foul Ball, location: 2F 2-2: Strikes out swinging
|
|
Batting: LHB Carlos Mosqueda
|
0-0: Called Strike 0-1: Hit by Pitch
|
|
Pitching: RHP Jason Miles
|
|
|
Batting: LHB David Doge
|
0-0: Foul Ball, location: 2F 0-1: Foul Ball, location: 2F 0-2: Foul Ball, location: 2F 0-2: Strikes out swinging
|
| Bottom of the 7th over - 2 runs, 2 hits, 0 errors, 1 left on base; Albuquerque 4 - New Orleans 3 |
| TOP OF THE 8TH |
|
Albuquerque Isotopes batting - Pitching for New Orleans Zephyrs : RHP Giampaolo Nobile
|
|
Pitching: RHP Doug Seliger
|
|
|
Batting: RHB Logan Morgan
|
0-0: Ball 1-0: Ball 2-0: Foul Ball, location: 2F 2-1: Foul Ball, location: 2F 2-2: Ground out 4-3 (Groundball, 4M, EV 86.9 MPH)
|
|
Batting: RHB John Freeman
|
0-0: Swinging Strike 0-1: Ball 1-1: Fly out, F8 (Flyball, 8RD, EV 87.5 MPH)
|
|
Batting: RHB Bobby Heagle
|
0-0: Called Strike 0-1: Ground out U3 (Groundball, 3L, EV 87.5 MPH)
|
| Top of the 8th over - 0 runs, 0 hits, 0 errors, 0 left on base; Albuquerque 4 - New Orleans 3 |
| BOTTOM OF THE 8TH |
|
New Orleans Zephyrs batting - Pitching for Albuquerque Isotopes : RHP Jason Miles
|
|
Batting: SHB Dan Zink
|
0-0: Ball 1-0: Ground out U3 (Groundball, 3, EV 101.2 MPH)
|
|
Pinch Hitting: LHB Mike Kara
|
0-0: Called Strike 0-1: Foul Ball, location: 2F 0-2: Ball 1-2: Ball 2-2: Strikes out looking
|
|
Batting: RHB Jim Fisher
|
0-0: Ball 1-0: Called Strike 1-1: Called Strike 1-2: SINGLE (Groundball, 4MD, EV 97.5 MPH)
|
|
Pitching: LHP Drew Huckeba
|
|
|
Pinch Hitting: RHB Josh Crenwelge
|
0-0: Foul Ball, location: 2F 0-1: Ball 1-1: Called Strike 1-2: Foul Ball, location: 2F 1-2: DOUBLE (Line Drive, 7D, EV 111.2 MPH) Jim Fisher to third
|
|
Batting: RHB Boof Howell
|
0-0: Swinging Strike 0-1: Called Strike 0-2: Ball 1-2: Ball 2-2: Foul Ball, location: 2F 2-2: Foul Ball, location: 2F 2-2: Ball 3-2: Foul Ball, location: 2F 3-2: Fly out, F7 (Flyball, 7S, EV 72.5 MPH)
|
| Bottom of the 8th over - 0 runs, 2 hits, 0 errors, 2 left on base; Albuquerque 4 - New Orleans 3 |
| TOP OF THE 9TH |
|
Albuquerque Isotopes batting - Pitching for New Orleans Zephyrs : RHP Doug Seliger
|
|
Pitching: RHP Matt Murray
|
|
|
Now at 3B: Torquato Obawole
|
|
|
Now in RF: Mike Kara
|
|
|
Batting: RHB Brian Landrum
|
0-0: Called Strike 0-1: Ball 1-1: Ball 2-1: Ground out 5-3 (Groundball, 56, EV 88.8 MPH)
|
|
Batting: LHB Pablo Cardona
|
0-0: Swinging Strike 0-1: Ball 1-1: Swinging Strike 1-2: Strikes out swinging
|
|
Batting: RHB Ron Johansen
|
0-0: Swinging Strike 0-1: Ball 1-1: Foul Ball, location: 2F 1-2: SINGLE (Flyball, 89S, EV 95.0 MPH)
|
|
Batting: LHB Alan Bianchard
|
0-0: Called Strike 0-1: Foul Ball, location: 2F 0-2: Foul Ball, location: 2F 0-2: Strikes out swinging
|
| Top of the 9th over - 0 runs, 1 hit, 0 errors, 1 left on base; Albuquerque 4 - New Orleans 3 |
| BOTTOM OF THE 9TH |
|
New Orleans Zephyrs batting - Pitching for Albuquerque Isotopes : LHP Drew Huckeba
|
|
Pitching: RHP Jeff Swomley
|
|
|
Batting: RHB Dale Young
|
0-0: Foul Ball, location: 2F 0-1: Ball 1-1: Swinging Strike 1-2: Foul Ball, location: 2F 1-2: Strikes out swinging
|
|
Batting: RHB Akira Suzuki
|
0-0: Called Strike 0-1: Ground out 4-3 (Groundball, 34, EV 103.1 MPH)
|
|
Batting: LHB Carlos Mosqueda
|
0-0: Called Strike 0-1: Ground out 5-3 (Groundball, 56, EV 101.2 MPH)
|
| Bottom of the 9th over - 0 runs, 0 hits, 0 errors, 0 left on base; Albuquerque 4 - New Orleans 3 |
|